 Dungeon Crawl Stone Soup version 0.27.0-1-g7a089689b8 (webtiles) character file.

Game seed: 7852948574796576242

24 nicksoapdish the Scratcher (level 2, -3/12 HPs)
             Began as a Felid Transmuter on Aug 3, 2021.
             Slain by a quokka (4 damage)
             ... on level 2 of the Dungeon.
             The game lasted 00:03:25 (1893 turns).

nicksoapdish the Scratcher (Felid Transmuter)       Turns: 1893, Time: 00:03:25

Health: -3/12      AC:  1    Str:  6    XL:     2   Next: 79%
Magic:  4/6        EV: 17    Int: 14    God:
Gold:   54         SH:  0    Dex: 16    Spells: 2/5 levels left
                                        Lives:  0   Deaths: 0

rFire    . . .     SeeInvis +     - Unarmed
rCold    . . .     Faith    .   (shield unavailable)
rNeg     . . .     Spirit   .   (armour unavailable)
rPois    .         Reflect  .   (helmet unavailable)
rElec    .         Harm     .   (cloak unavailable)
rCorr    .         Rampage  .   (gloves unavailable)
Will     .....                  (boots unavailable)
Stlth    ++........             (no amulet)
HPRegen  0.04/turn              (no ring)
MPRegen  0.10/turn              (no ring)

@: appendages (expiring), wereblooded, quick
A: horns 2, very small, claws 1, fangs 3, see invisible, speed 1, shaggy fur 1,
stealthy paws, no weapons or thrown items, no armour, multi-lived
a: End Transformation


You were on level 2 of the Dungeon.
You had temporarily grown beastly horns.
You visited 1 branch of the dungeon, and saw 2 of its levels.

You collected 54 gold pieces.

Inventory:

Jewellery
 b - a ring of magical power
 c - a ring of magical power
Potions
 d - a potion of cancellation {unknown}


   Skills:
 + Level 1.0 Fighting
 + Level 2.6 Dodging
 * Level 1.9 Stealth
 + Level 3.4 Unarmed Combat
 + Level 2.2 Spellcasting
 + Level 2.3 Transmutations


You had 2 spell levels left.
You knew the following spells:

 Your Spells              Type           Power      Damage    Failure   Level
a - Beastly Appendage     Tmut           16%        N/A       9%          1
b - Wereblood             Tmut           8%         N/A       13%         2

Your spell library contained the following spells:

 Spells                   Type           Power      Damage    Failure   Level
 Static Discharge         Conj/Air       1%         N/A       34%         2
 Spider Form              Tmut/Pois      2%         N/A       38%         3
 Ice Form                 Ice/Tmut       4%         N/A       80%         4
 Dispel Undead            Necr           1%         3d6       93%         4
 Sticky Flame             Conj/Fire      1%         2d3       93%         4


Dungeon Overview and Level Annotations

Branches:
Dungeon (2/15)

Altars:


Innate Abilities, Weirdness & Mutations

You have temporarily grown beastly horns.
You have sharp claws.
You have razor-sharp teeth.
You have supernaturally acute eyesight. (SInv)
You cover ground quickly. (Speed+)
You are covered in fur. (AC +1)
Your paws help you pounce on unaware monsters.
You are incapable of wielding weapons or throwing items.
You cannot wear armour.
You gain extra lives every three experience levels.


Message History

Casting: Beastly Appendage (safe; 9% risk of failure)
Confirm with . or Enter, or press ? or * to list all spells.
Your blood is infused with primal strength.
You barely miss the ball python. You headbutt the ball python.
The ball python is moderately wounded.
An adder comes into view.
The ball python misses you. The ball python completely misses you.
You scratch the ball python.
You kill the ball python!
You claw the goblin!
You kill the goblin!
You howl as the wereblood boils in your veins!
Your transformation is almost over.
You scratch the adder. You headbutt the adder.
The adder is heavily wounded.
The quokka closely misses you. The adder bites you.
You closely miss the adder.
The adder is heavily wounded.
The quokka completely misses you. The adder bites you.
You are poisoned.
The adder poisons you! The quokka closely misses you.
You miss the adder. Your claw misses the adder.
The adder is heavily wounded.
You howl as the wereblood boils in your veins!
You feel sick. The adder misses you. The quokka misses you.
You closely miss the adder.
The adder is heavily wounded.
You howl as the wereblood boils in your veins!
You feel sick. The adder completely misses you. The quokka bites you.
* * * LOW HITPOINT WARNING * * *
The adder misses you.
It was a potion of curing.
You feel better. The quokka bites you.
* * * LOW HITPOINT WARNING * * *
The adder closely misses you.
You completely miss the adder.
The adder is heavily wounded.
The adder bites you.
* * * LOW HITPOINT WARNING * * *
The quokka bites you.
You die...

#.. #.# #.#
# ###.#.#
...#. ...
#.# #@#
#=...Sr....#
#....#.#####
#....#.#
#(.. ...
##.. #.# ##
#.# #..


You could see an adder and a quokka.

Vanquished Creatures
  5 ball pythons
  2 giant cockroaches (D:1)
  2 goblins
  4 hobgoblins (D:1)
  A kobold (D:1)
  3 quokkas (D:1)
  A bat (D:1)
  A frilled lizard (D:1)
19 creatures vanquished.

Notes
Turn   | Place    | Note
-------+----------+-------------------------------------------
     0 | D:1      | nicksoapdish the Felid Transmuter began the quest for the
                  | Orb.
     0 | D:1      | Reached XP level 1. HP: 9/9 MP: 4/4
   335 | D:1      | Reached skill level 1 in Stealth
   757 | D:1      | Reached XP level 2. HP: 9/12 MP: 4/6
   760 | D:1      | Learned a level 2 spell: Wereblood
  1893 | D:2      | Slain by a quokka

Illustrated notes

Levels and vault maps discovered:
D:1:      minmay_arrival_shattered_statue, layout_basic,
          serial_co_window_serial, co_window_corner_a, co_window_corner_a,
          co_window_corner_a, co_window_paths_a, co_window_paths_a,
          co_window_paths_a, co_window_paths_a, co_window_2corner,
          co_window_of_opportunity_b, co_window_corner_b, co_window_corner_cb,
          co_window_paths_e
D:2:      layout_loops_ring, dilly_ecumenical_altar_fadedgnrine, basic_altar

Skill      XL: |  1 |
---------------+----+-----
Stealth        | 1 |  1.9
Fighting       | |  1.0
Dodging        | |  2.6
Unarmed Combat | |  3.4
Spellcasting   | |  2.2
Transmutations | |  2.3

Action                   || total
-------------------------++-------
Melee: Unarmed           ||    44
       Headbutt          ||     8
       Bite              ||     3
 Cast: Beastly Appendage ||    14
       Wereblood         ||     4
  Use: Scroll            ||     1
       Potion            ||     1
 Stab: Sleeping          ||     2
Dodge: Dodged            ||    30
